 Dungeon Crawl Stone Soup version 0.29.0-7-g18a832c13a (webtiles) character file.

Game seed: 14446142848740398238

4501 ImASeal the Thaumaturge (level 10, -17/64 HPs)
             Began as a Djinni Fire Elementalist on Sept 1, 2022.
             Shot with an arrow by a centaur warrior (19 damage)
             ... on level 9 of the Dungeon.
             The game lasted 00:33:31 (11719 turns).

ImASeal the Thaumaturge (Djinni Fire Elementalist) Turns: 11719, Time: 00:33:32

Health: -17/64     AC:  5    Str:  7    XL:     10   Next: 65%
Gold:   184        EV: 13    Int: 22    God:
                   SH:  5    Dex: 13

rFire   + + +      SeeInvis .   s - +4 quarterstaff (chaos)
rCold   . . .      Faith    .   (shield currently unavailable)
rNeg    + . .      Spirit   .   o - +2 robe {rC+ rF+}
rPois   ∞          Reflect  +   (no helmet)
rElec   .          Harm     .   t - +0 cloak
rCorr   +          Rampage  .   (no gloves)
Will    +....                   (boots unavailable)
Stlth   ++........              G - amulet of reflection
HPRegen 0.20/turn               y - ring of positive energy
MPRegen 0.00/turn               C - ring of resist corrosion

@: about to teleport, flying
A: sickness immunity, fire resistance 2, cold vulnerability 1, float, innate
caster, HP casting, extra vitality 1
a: no special abilities


You were on level 9 of the Dungeon.
You visited 1 branch of the dungeon, and saw 9 of its levels.

You collected 340 gold pieces.
You spent 156 gold pieces at shops.

Inventory:

Hand Weapons
 n - a +1 scythe of flaming
 s - a +4 quarterstaff of chaos (weapon)
Missiles
 e - 5 javelins
 f - 7 poisoned darts
 B - a throwing net
Armour
 o - a +2 robe of resistance (worn)
 t - a +0 cloak (worn)
Magical Staves
 w - a staff of air
Jewellery
 y - a ring of positive energy (left hand)
 C - a ring of resist corrosion (right hand)
 E - a ring of protection from fire
 G - an amulet of reflection (around neck)
 I - a +4 ring of evasion
 L - a +6 ring of intelligence
Wands
 k - a wand of digging (7)
 F - a wand of light (13)
Scrolls
 b - 2 scrolls of vulnerability {unknown}
 d - a scroll of immolation {unknown}
 h - 4 scrolls of fear
 j - 10 scrolls of identify
 p - 3 scrolls of teleportation
 r - 2 scrolls of magic mapping {unknown}
 v - 2 scrolls of fog {unknown}
 A - 2 scrolls of summoning {unknown}
 D - a scroll of noise {unknown}
 H - a scroll of enchant armour {unknown}
 J - a scroll of enchant weapon {unknown}
Potions
 a - 2 potions of brilliance {unknown}
 c - 2 potions of mutation {unknown}
 g - 2 potions of curing
 i - a potion of magic {unknown}
 l - 2 potions of lignification {unknown}
 m - a potion of resistance {unknown}
 u - 3 potions of degeneration {unknown}
 x - a potion of berserk rage {unknown}
 z - 3 potions of flight {unknown}
 K - a potion of attraction {unknown}
 M - a potion of ambrosia {unknown}


   Skills:
 + Level 1.8 Fighting
 + Level 3.5 Dodging
 + Level 3.6 Stealth
 + Level 1.3 Shields
 + Level 11.0 Spellcasting
 + Level 0.1 Evocations


You had 10 spell levels left.
You knew the following spells:

 Your Spells              Type           Power      Damage    Failure   Level
a - Foxfire               Conj/Fire      100%       2x1d9     1%          1
b - Scorch                Fire           100%       2d10      1%          2
c - Conjure Flame         Conj/Fire      57%        6-21      1%          3
d - Inner Flame           Hex/Fire       57%        N/A       1%          3
e - Flame Wave            Conj/Fire      57%        2d14      1%          4
f - Apportation           Tloc           100%       N/A       1%          1
g - Searing Ray           Conj           100%       2d8       1%          2
h - Passwall              Tmut/Erth      47%        N/A       1%          2
i - Dazzling Flash        Conj/Hex       100%       N/A       1%          3
Your spell library was empty.

Dungeon Overview and Level Annotations

Branches:
Dungeon (9/15)             Temple (0/1) D:6
   Lair: D:8-11         Orc: D:9-12

Altars:
Elyvilon
Hepliaklqana
Okawaru
Wu Jian
Xom
Yredelemnul
The Shining One

Shops:
D:1 ?   D:2 :   D:6 ?   D:7 [


Innate Abilities, Weirdness & Mutations

You are immune to sickness and miasma.
You are immune to poison.
Your flesh is very heat resistant. (rF++)
You are vulnerable to cold. (rC-)
You float through the air rather than walking.
You learn spells naturally, not from books.
Your magical power is your life essence.
You have superior vitality. (+4 MHP)


Message History

Confirm with . or Enter, or press ? or * to list all spells.
You conjure some foxfire!
Your foxfire dissipates!
Casting: Foxfire (safe; 1% risk of failure)
Confirm with . or Enter, or press ? or * to list all spells.
You conjure some foxfire!
The foxfire hits the howler monkey!
Flame seeps out of the howler monkey.
The howler monkey is heavily wounded.
A centaur warrior comes into view. It is wielding a staff of cold.
The howler monkey is engulfed in blazing flames.
The howler monkey explodes!
The fiery explosion engulfs the killer bee!!!
You kill the killer bee!
You hear a shout! x2; You hear an angry hiss.
Your foxfire dissipates!
The foxfire hits the centaur warrior but does no damage.
The centaur warrior wields a +0 longbow.
The centaur warrior shoots an arrow.
The arrow hits you!
The centaur warrior shoots an arrow.
The arrow hits you!
The centaur warrior shoots an arrow.
The arrow hits you!
Casting: Foxfire (safe; 1% risk of failure)
Confirm with . or Enter, or press ? or * to list all spells.
You conjure some foxfire!
The centaur warrior shoots an arrow.
You reflect the arrow off an invisible shield around you!
The arrow hits the centaur warrior!!
Your foxfire dissipates!
A wizard comes into view. It is wielding a +0 dagger.
The centaur warrior shoots an arrow.
The arrow hits you!!
* * * LOW HITPOINT WARNING * * *
The wizard moves out of view.
Blink to where?
Press: ? - help, Dir - move target
Okay, then.
Blink to where?
Press: ? - help, Dir - move target
As you read the scroll of blinking, it crumbles to dust.
As you read the scroll of teleportation, it crumbles to dust.
You feel strangely unstable.
The centaur warrior shoots an arrow.
The arrow hits you!!
You die...

#############################
#............................
#.......................#....
#......#####@...........#....
#......#####....#.(.....#....
#...............#.......#....
#..........................[.
#......#####'###############.
#......#......§.....# #.
#......#............# #.
#......#....c.§.....# ##
#......'............#####


You could see a centaur warrior.

Vanquished Creatures
  The ghost of kwasso the Chopper, a novice VSFi of Nemelex Xobeh (D:7)
  A hornet (D:7)
  Grinder (D:3)
  Prince Ribbit (D:7)
  Sigmund (D:2)
  4 yaks (D:8)
  Menkaure (D:7)
  A water moccasin (D:6)
  An orc warrior (D:8)
  An ice beast (D:6)
  A black bear (D:5)
  An ogre (D:4)
  A sky beast (D:7)
  3 centaurs
  A kobold brigand (D:8)
  2 bullfrogs
  A necrophage (D:6)
  A gnoll sergeant (D:7)
  A scorpion (D:5)
  10 wights (D:8)
  4 killer bees
  3 howler monkeys
  A hound (D:6)
  2 jellies
  An orc priest (D:7)
  Crazy Yiuf (D:2)
  2 iguanas
  Terence (D:2)
  3 orc wizards
  Natasha (thrice) (D:2)
  6 gnolls
  6 adders
  2 shadow imps
  A white imp (D:7)
  4 worms
  2 dart slugs
  15 orcs
  11 endoplasms
  A giant cockroach (D:1)
  4 hobgoblins
  2 jackals (D:2)
  11 kobolds
  9 quokkas
  10 ball pythons
  6 bats
  4 frilled lizards
  6 goblins
  15 rats
171 creatures vanquished.

Vanquished Creatures (others)
  734 foxfires
734 creatures vanquished.

Grand Total: 905 creatures vanquished

Notes
Turn   | Place    | Note
-------+----------+-------------------------------------------
     0 | D:1      | ImASeal the Djinni Fire Elementalist began the quest for
                  | the Orb.
     0 | D:1      | ImASeal set off with the following spells memorised:
                  | Foxfire, Scorch, Conjure Flame, Inner Flame, Flame Wave.
     0 | D:1      | Reached XP level 1. HP: 15/15 MP: 0/0
   261 | D:1      | Reached XP level 2. HP: 14/21 MP: 0/0
   795 | D:1      | Reached skill level 3 in Spellcasting
  1003 | D:1      | Found Veanoma's Magic Scroll Emporium.
  1040 | D:1      | Reached XP level 3. HP: 22/25 MP: 0/0
  1040 | D:1      | Learned a level 1 spell: Apportation
  2077 | D:1      | Bought a scroll of identify for 26 gold pieces
  2176 | D:2      | Noticed Natasha
  2176 | D:2      | Noticed Terence
  2180 | D:2      | Killed Natasha
  2181 | D:2      | Reached XP level 4. HP: 25/31 MP: 0/0
  2186 | D:2      | Killed Terence
  2433 | D:2      | Noticed Natasha
  2442 | D:2      | Killed Natasha
  2443 | D:2      | Reached skill level 4 in Spellcasting
  2443 | D:2      | Reached XP level 5. HP: 26/35 MP: 0/0
  2443 | D:2      | Learned a level 2 spell: Searing Ray
  2476 | D:2      | Noticed Natasha
  2480 | D:2      | Killed Natasha
  2604 | D:2      | Noticed Sigmund
  2623 | D:2      | Killed Sigmund
  2624 | D:2      | Reached XP level 6. HP: 22/40 MP: 0/0
  2922 | D:2      | Found a runed translucent door.
  2923 | D:2      | Noticed Crazy Yiuf
  3153 | D:2      | Reached skill level 5 in Spellcasting
  3491 | D:2      | Found Immaiway's Book Shop.
  3639 | D:2      | Killed Crazy Yiuf
  3640 | D:2      | Reached XP level 7. HP: 42/46 MP: 0/0
  3640 | D:2      | Learned a level 2 spell: Passwall
  4052 | D:3      | Noticed Grinder
  4060 | D:3      | Killed Grinder
  4455 | D:3      | Found a faded altar of an unknown god.
  4946 | D:4      | Reached skill level 6 in Spellcasting
  4987 | D:4      | Reached skill level 1 in Fighting
  5062 | D:4      | Reached XP level 8. HP: 44/52 MP: 0/0
  5305 | D:4      | Found a hazy altar of Hepliaklqana.
  6206 | D:1      | Bought a scroll of identify for 26 gold pieces
  6206 | D:1      | Bought a scroll of identify for 26 gold pieces
  6206 | D:1      | Bought a scroll of identify for 26 gold pieces
  6206 | D:1      | Bought a scroll of fear for 52 gold pieces
  6283 | D:5      | Entered Level 5 of the Dungeon
  6476 | D:5      | Reached skill level 7 in Spellcasting
  7182 | D:6      | Found a staircase to the Ecumenical Temple.
  7499 | D:6      | Reached XP level 9. HP: 52/57 MP: 0/0
  7499 | D:6      | Learned a level 3 spell: Dazzling Flash
  7838 | D:6      | Found Ojiel's Magic Scroll Shop.
  7940 | D:7      | Noticed Menkaure
  7946 | D:7      | Killed Menkaure
  7947 | D:7      | Reached skill level 8 in Spellcasting
  7972 | D:7      | Found Dihorau's Antique Armour Emporium.
  8022 | D:7      | Found a runed translucent door.
  8022 | D:7      | Noticed kwasso's ghost (novice VSFi)
  8023 | D:7      | Noticed Prince Ribbit
  8026 | D:7      | Killed Prince Ribbit
  8168 | D:7      | Noticed a hornet
  8174 | D:7      | Killed a hornet
  8244 | D:7      | Reached skill level 9 in Spellcasting
  9048 | D:7      | Found an iron altar of Okawaru.
  9055 | D:7      | Found a basalt altar of Yredelemnul.
  9063 | D:7      | Found a white marble altar of Elyvilon.
  9085 | D:7      | Found an ornate altar of the Wu Jian Council.
  9091 | D:7      | Found a shimmering altar of Xom.
  9136 | D:7      | Killed kwasso's ghost
  9137 | D:7      | Reached XP level 10. HP: 24/63 MP: 0/0
  9502 | D:8      | Reached skill level 10 in Spellcasting
  9507 | D:8      | HP: 1/63 [wight/+3 falchion of freezing (5)]
  9526 | D:9      | Noticed a two-headed ogre
  9540 | D:8      | HP: 3/63 [centaur (3)]
 10415 | D:8      | Found a glowing golden altar of the Shining One.
 10461 | D:8      | Reached skill level 1 in Shields
 11053 | D:8      | Reached skill level 11 in Spellcasting
 11706 | D:9      | Noticed a centaur warrior
 11715 | D:9      | Noticed a wizard
 11715 | D:9      | HP: 1/64 [centaur warrior/arrow (22)]
 11719 | D:9      | Shot with an arrow by a centaur warrior

Illustrated notes

Levels and vault maps discovered:
D:1:      dpeg_arrival_long_road, layout_basic, serial_shops,
          nicolae_shop_advertising_works [nicolae_subvault_shop_adworks]
D:2:      layout_basic, serial_shops, shop, uniq_natasha, uniq_terence,
          uniq_sigmund, uniq_crazy_yiuf_cottage
D:3:      layout_basic, shapermc_ecumenical_altar_starsandcircs, uniq_grinder
D:4:      layout_basic, lemuel_doored_altar, chequers_serial_rivers_small_b
D:5:      layout_gridville, minmay_misc_feat_tower
D:6:      layout_loops_ring, minmay_temple_entry_slanted, portal_sewer_entry_e,
          serial_shops, nicolae_shop_window_shopping
D:7:      layout_basic, grunt_temple_overflow_octagram, serial_shops,
          nicolae_stop_n_shop_1, gammafunk_ghost_grave, uniq_menkaure,
          uniq_prince_ribbit1
D:8:      layout_basic, nicolae_tso_swordbearing_angel, serial_rivers,
          chequers_serial_rivers_small_b, chequers_serial_rivers_small_3,
          chequers_serial_rivers_micro_e, chequers_serial_rivers_marsh,
          chequers_serial_rivers_large_b, chequers_serial_rivers_small_a
D:9:      minmay_the_grid_square_5x5_4x4 [minmay_the_grid_square_5x5_forky,
          minmay_the_grid_square_5x5_plus,
          minmay_the_grid_square_5x5_eight_small, minmay_the_grid_square_5x5_c,
          minmay_the_grid_square_5x5_slash,
          minmay_the_grid_square_5x5_prize_snowflake,
          minmay_the_grid_square_5x5_prize_rear_guard,
          minmay_the_grid_square_5x5_misaligned,
          minmay_the_grid_square_5x5_three,
          minmay_the_grid_square_5x5_prize_open,
          minmay_the_grid_square_5x5_prize_waves,
          minmay_the_grid_square_5x5_two, minmay_the_grid_square_5x5_v,
          minmay_the_grid_square_5x5_doubleslash,
          minmay_the_grid_square_5x5_inverted_slash,
          minmay_the_grid_square_5x5_three_walls], layout_stronghold,
          lemuel_blue_sif_altar, david_lair_generic, minmay_stone_trees_small,
          minmay_quadrilaterals

Skill      XL: |  1  2  3  4  5  6  7  8  9 10 |
---------------+-------------------------------+-----
Spellcasting   | 3 4 5 6 7 9 11 | 11.0
Stealth        | 2 3 |  3.6
Fighting       | 1 |  1.8
Dodging        | 3 |  3.5
Shields        | 1 |  1.3
Evocations     | |  0.1

Action                   |  1- 3 |  4- 6 |  7- 9 | 10-12 || total
-------------------------+-------+-------+-------+-------++-------
 Cast: Foxfire           |    88 |    62 |   204 |    90 ||   444
       Scorch            |     3 |    11 |    39 |    21 ||    74
       Inner Flame       |       |       |     3 |    14 ||    17
       Passwall          |       |       |       |     1 ||     1
Evoke: Wand              |       |     1 |       |       ||     1
  Use: Scroll            |       |       |     4 |     4 ||     8
       Potion            |       |       |     2 |     1 ||     3
Armor: Robe              |       |     1 |     4 |     1 ||     6
Dodge: Dodged            |     1 |     8 |    12 |    13 ||    34
Block: Other             |       |       |     3 |     9 ||    12
       Reflection        |       |       |     2 |     2 ||     4
